 Dungeon Crawl Stone Soup version 0.29.1-12-g30fa7ad0bf (webtiles) character file.

Game seed: 2921368520966745132

192 112233 the Conjurer (level 5, -1/28 HPs)
             Began as a Deep Elf Conjurer on Dec 23, 2022.
             Was an Initiate of Vehumet.
             Slain by a gnoll
             ... wielding a +0 halberd
              (2 damage)
             ... on level 4 of the Dungeon.
             The game lasted 00:02:41 (4093 turns).

112233 the Conjurer (Deep Elf Conjurer)             Turns: 4093, Time: 00:02:42

Health: -1/28      AC:  4    Str:  4    XL:     5   Next: 42%
Magic:  13/13      EV: 13    Int: 25    God:    Vehumet [......]
Gold:   214        SH:  0    Dex: 13    Spells: 7/13 levels left

rFire   . . .      SeeInvis .   (no weapon)
rCold   . . .      Faith    .   r - orb {light}
rNeg    . . .      Spirit   .   a - +0 robe
rPois   .          Reflect  .   c - +0 helmet
rElec   .          Harm     .   (no cloak)
rCorr   .          Rampage  .   k - +0 pair of gloves
Will    .....                   (no boots)
Stlth   +.........              (no amulet)
HPRegen 0.09/turn               (no ring)
MPRegen 0.13/turn               (no ring)

@: hasted, glowing, very quick
A: no striking features
a: Renounce Religion


You were on level 4 of the Dungeon.
You worshipped Vehumet.
Vehumet was noncommittal.
You visited 1 branch of the dungeon, and saw 5 of its levels.

You collected 214 gold pieces.

Inventory:

Armour
 a - a +0 robe (worn)
 c - a +0 helmet (worn)
 f - an orb of guile
 k - a +0 pair of gloves (worn)
 r - an orb of light (worn)
Jewellery
 m - a ring of protection from cold
Scrolls
 e - a scroll of fear
 g - a scroll of magic mapping
 i - a scroll of blinking {unknown}
 j - 2 scrolls of immolation {unknown}
 n - a scroll of enchant armour {unknown}
 p - 2 scrolls of identify {unknown}
 q - a scroll of teleportation {unknown}
 s - a scroll of silence {unknown}
 u - a scroll of butterflies {unknown}
Potions
 b - a potion of magic
 d - a potion of haste
 h - a potion of degeneration {unknown}
 l - a potion of invisibility {unknown}
 o - a potion of attraction {unknown}
 t - a potion of curing {unknown}


   Skills:
 + Level 4.0 Dodging
 + Level 4.2 Stealth
 + Level 4.6 Spellcasting
 + Level 5.3 Conjurations


You had 7 spell levels left.
You knew the following spells:

 Your Spells              Type           Power      Damage    Failure   Level
a - Magic Dart            Conj           100%       1d8       1%          1
b - Searing Ray           Conj           64%        2d6       1%          2
c - Dazzling Flash        Conj/Hex       38%        N/A       9%          3

Your spell library contained the following spells:

 Spells                   Type           Power      Damage    Failure   Level
 Poisonous Vapours        Pois/Air       10%        N/A       13%         2
 Tukima's Dance           Hex            5%         N/A       26%         3
 Fulminant Prism          Conj/Hex       9%         3d7       28%         4
 Hailstorm                Conj/Ice       19%        3d6       28%         4
 Iskenderun's Mystic Bla  Conj/Tloc      19%        2d6       28%         4
 Corpse Rot               Necr/Pois/Air  5%         N/A       65%         4
 Passage of Golubria      Tloc           5%         N/A       65%         4
 Yara's Violent Unravell  Hex/Tmut       2%         3d3       94%         5
 Starburst                Conj/Fire      9%         6d5       99%         6
 Monstrous Menagerie      Summ           2%         N/A       100%        7


Dungeon Overview and Level Annotations

Branches:
Dungeon (5/15)
 Temple: D:4-7

Altars:
Vehumet

Shops:
D:5 [


Message History

(D) Dungeon
Where to? (Enter - D:1, ? - help)
You climb downwards.
There is a stone staircase leading up here.
(D) Dungeon
Where to? (Enter - D:2, ? - help)
There is a stone staircase leading down here.
You climb downwards.
There is a stone staircase leading up here.
(D) Dungeon
Where to? (Enter - D:3, ? - help)
There is an open door here.
There is an open door here.
There is a stone staircase leading down here.
You climb downwards.
There is a stone staircase leading up here.
(D) Dungeon
Where to? (Enter - D:4, ? - help)
Found 4 stones and a chain mail.
There is a stone staircase leading down here.
You climb downwards.
The gnoll shouts!
The adder hisses angrily.
The gnoll shouts!
Found Puicsour's Antique Armour Boutique.
Found a stone staircase leading down.
There is a stone staircase leading up here.
There are monsters nearby!
Unknown command.
There are monsters nearby!
The gnoll hits you from afar with a +0 spear.
The gnoll hits you with a +0 halberd! The gnoll misses you.
The gnoll barely misses you.
You climb upwards.
There is a stone staircase leading down here.
Unknown command.
Unknown command.
It was a potion of haste.
You feel yourself speed up.
The gnoll hits you from afar with a +0 halberd!
* * * LOW HITPOINT WARNING * * *
The gnoll hits you with a +0 halberd.
You die...

#.###.# ###### #.# ##.##.##
.....# #[# #.....# ####.#
..######..##.## #.# ###
..........###.# #.###.##
#.##.........#. ####.#....#
#.######......#
.........###.######.# ##.......
.###.#.#[# #.(gg@g..#####........
.# #.#.#.# ########..............
.###.#.#.# ##...................
.....#.#.# ##...###.#............
..####.#.###.....##.#...........#
...###.#................)......##
....##.#####.....####.....##.###
..................###.....##.#
....#.########...†......#.##.#


You could see 3 gnolls.

Vanquished Creatures
  An orc priest (D:3)
  An orc wizard (D:3)
  5 adders
  A dart slug (D:2)
  6 orcs
  4 bats
  9 endoplasms
  4 giant cockroaches
  3 goblins
  4 hobgoblins
  17 jackals
  8 kobolds
  4 ball pythons
  4 frilled lizards
  5 rats
76 creatures vanquished.

Notes
Turn   | Place    | Note
-------+----------+-------------------------------------------
     0 | D:1      | 112233 the Deep Elf Conjurer began the quest for the Orb.
     0 | D:1      | Reached XP level 1. HP: 10/10 MP: 6/6
   110 | D:1      | Reached XP level 2. HP: 13/15 MP: 0/8
   954 | D:2      | Reached XP level 3. HP: 19/19 MP: 2/10
  1779 | D:3      | Reached XP level 4. HP: 24/24 MP: 9/11
  1811 | D:3      | Got Asmodeus's Reference Book on Assembled Conjury
  1871 | D:3      | Found a faded altar of an unknown god.
  2461 | D:4      | Reached skill level 5 in Conjurations
  2631 | D:3      | Found a radiant altar of Vehumet.
  2645 | D:3      | Became a worshipper of Vehumet
  2761 | D:3      | Reached XP level 5. HP: 8/28 MP: 3/13
  3085 | D:3      | Learned a level 2 spell: Searing Ray
  3089 | D:3      | Learned a level 3 spell: Dazzling Flash
  4090 | D:5      | Entered Level 5 of the Dungeon
  4090 | D:5      | Found Puicsour's Antique Armour Boutique.
  4093 | D:4      | HP: 1/28 [gnoll/+0 halberd (9)]
  4093 | D:4      | Slain by a gnoll

Illustrated notes

Levels and vault maps discovered:
D:1:      wander_arrival_desolate, layout_rooms
D:2:      layout_loops_ring, nicolae_titane
D:3:      layout_loops_corners, vehumet_crystals, basic_ecumenical_altar,
          grunt_ministairs_14
D:4:      layout_loops_ring, nrook_uturn
D:5:      minmay_angry_zag, layout_gridville, general_overflow_altar,
          kennysheep_mini, minmay_temple_entry_tees, serial_shops,
          nicolae_stop_n_shop_2

Skill      XL: |  1  2  3  4  5 |
---------------+----------------+-----
Stealth        | 3 4 |  4.2
Dodging        | 3 4 |  4.0
Spellcasting   | 4 |  4.6
Conjurations   | 5 |  5.3

Action                   |  1- 3 |  4- 6 || total
-------------------------+-------+-------++-------
Melee: Unarmed           |     5 |       ||     5
 Cast: Magic Dart        |    81 |    87 ||   168
       Searing Ray       |       |     1 ||     1
  Use: Scroll            |       |     2 ||     2
       Potion            |       |     1 ||     1
Armor: Robe              |     5 |     1 ||     6
Dodge: Dodged            |     5 |     8 ||    13
